cohdb
Replays
Latest Replays
All Replays
Popular Replays
Top Player Replays
Match Explorer
How It Works
Community
CoH3 Stats
Reddit
Sign in to upload your games and track your stats! →
Sign in with Steam
Match 42082751
Unlisted
Match 42082751
Overview
Messages
Build Orders
End
Engineer Squad
Construct Barracks
Selects Armored Battlegroup
Selects Veteran Crews
Riflemen Squad
Riflemen Squad
Riflemen Squad
Infantry Support Center
Construct Weapon Support Center
Selects Fast Deploy
M3 Armored Personnel Carrier
Construct Medical Station
Riflemen Squad
M1918 Browning Automatic Rifles
Selects M8 Scott SPG
M8 Scott SPG
Riflemen Squad
Selects Field Repairs
Construct Motor Pool
Selects War Machine
M24 Chaffee Light Tank
M24 Chaffee Light Tank
FeriG
HulkSMASH
0
0
Comments
sign in to comment!
No comments posted yet!